 Dungeon Crawl Stone Soup version 0.21.1-1-g345015fe64 (webtiles) character file.

175 Norrik the Skirmisher (level 5, -1/48 HPs)
             Began as a Minotaur Monk on Apr 6, 2018.
             Killed by divine providence
             ... invoked by an orc priest
              (12 damage)
             ... on level 3 of the Dungeon.
             The game lasted 00:02:49 (2986 turns).

Norrik the Skirmisher (Minotaur Monk)               Turns: 2986, Time: 00:02:50

Health: -1/48      AC:  5    Str: 17    XL:     5   Next: 29%
Magic:  4/4        EV: 11    Int:  7    God:
Gold:   181        SH:  4    Dex: 12    Spells: 4/4 levels left

rFire    . . .     SeeInvis .   j - +0 dagger (curse)
rCold    . . .     Gourm    .   k - +0 buckler
rNeg     . . .     Faith    .   h - +0 ring mail
rPois    .         Spirit   .   (helmet restricted)
rElec    .         Reflect  .   (no cloak)
rCorr    .         Harm     .   (no gloves)
MR       .....                  (no boots)
Stlth    +.........             (no amulet)
HPRegen  0.16/turn              (no ring)
MPRegen  0.09/turn              (no ring)

@: no status effects
A: retaliatory headbutt, horns 2
a: no special abilities


You were on level 3 of the Dungeon.
You were hungry.

You visited 1 branch of the dungeon, and saw 3 of its levels.

You collected 181 gold pieces.

Inventory:

Hand Weapons
 a - a +0 spear
 j - a cursed +0 dagger (weapon)
Armour
 b - a +0 robe
 h - a +0 ring mail (worn)
 k - a +0 buckler (worn)
Jewellery
 p - an uncursed ring of protection from fire {unknown}
Wands
 n - a wand of enslavement (18)
Scrolls
 e - 4 scrolls of remove curse {unknown}
 f - 2 scrolls of identify {unknown}
 i - a scroll of noise {unknown}
 m - 2 scrolls of teleportation {unknown}
 q - a scroll of blinking {unknown}
 r - a scroll of magic mapping {unknown}
 t - a scroll of amnesia {unknown}
 u - a scroll of random uselessness {unknown}
 v - a scroll of enchant armour {unknown}
Potions
 d - a potion of might {unknown}
 g - a potion of curing {unknown}
 l - a potion of ambrosia {unknown}
 o - a potion of heal wounds {unknown}
 s - 2 potions of brilliance {unknown}
Comestibles
 c - 7 rations


   Skills:
 + Level 5.3 Fighting
 - Level 3.6 Polearms
 + Level 3.6 Armour
 - Level 3.2 Dodging
 - Level 1.5 Stealth
 + Level 2.6 Shields


You had 4 spell levels left.
You didn't know any spells.

Dungeon Overview and Level Annotations

Branches:
Dungeon (3/15)

Altars:
Makhleb
Xom
The Shining One


Innate Abilities, Weirdness & Mutations

You reflexively headbutt those who attack you in melee.
You have a pair of horns on your head.


Message History

The orc priest looks encouraged for a moment.
You hit the orc priest. You headbutt the orc priest.
The orc priest is severely wounded.
The orc priest barely misses you.
You hit the orc priest.
The orc priest is almost dead.
The orc priest hits you but does no damage.
You barely miss the orc priest.
The orc priest is almost dead.
The orc priest closely misses you.
You hit the orc priest but do no damage.
The orc priest is almost dead.
The orc priest calls down the wrath of Beogh upon you.
Beogh smites you!
* * * LOW HITPOINT WARNING * * *
You hit the orc priest but do no damage.
The orc priest is almost dead.
The orc priest mumbles some strange prayers to Beogh against you.
Beogh smites you!
You die...

#.#.##.# ####.#####
#.#.##.# #........#
#......# #.##.###.#
###'#### # #.# #.#
##...## #.# #.#
#.....## ##.. #.#
..^....## #.#.#. #.#
........###....)##.#
........+......)@..#
........####...o....#
.......## ##.#####.#
#.....## # .# ##...##
.# ##'## .# #.# ###
.# #.# ... ##.## #.#


You could see an orc priest.

Vanquished Creatures
  An orc priest (D:3)
  9 adders
  An ooze (D:3)
  A worm (D:2)
  2 dart slugs (D:2)
  3 leopard geckos
  2 orcs (D:3)
  3 giant cockroaches
  6 goblins
  6 hobgoblins
  3 kobolds
  2 quokkas
  4 bats
  A frilled lizard (D:1)
  7 rats
51 creatures vanquished.

Notes
Turn   | Place    | Note
-------+----------+-------------------------------------------
     0 | D:1      | Norrik the Minotaur Monk began the quest for the Orb.
     0 | D:1      | Reached XP level 1. HP: 19/19 MP: 0/0
   123 | D:1      | Reached skill level 1 in Armour
   308 | D:1      | Reached skill level 4 in Fighting
   334 | D:1      | Reached XP level 2. HP: 24/27 MP: 1/1
  1125 | D:2      | Reached XP level 3. HP: 25/34 MP: 2/2
  1207 | D:2      | Reached skill level 1 in Shields
  1835 | D:2      | Reached XP level 4. HP: 30/41 MP: 3/3
  2050 | D:2      | Found a burning altar of Makhleb.
  2050 | D:2      | Found a shimmering altar of Xom.
  2475 | D:3      | Reached skill level 5 in Fighting
  2536 | D:3      | Found a glowing golden altar of the Shining One.
  2860 | D:3      | Reached XP level 5. HP: 48/48 MP: 4/4
  2986 | D:3      | Killed from afar by an orc priest

Skill      XL: |  1  2  3  4 |
---------------+-------------+-----
Armour         | 1 2 3 |  3.6
Fighting       | 4 5 |  5.3
Shields        | 1 2 |  2.6
Polearms       | |  3.6
Dodging        | |  3.2
Stealth        | |  1.5

Action                   |  1- 3 |  4- 6 || total
-------------------------+-------+-------++-------
Melee: Spear             |    85 |     1 ||    86
       Headbutt          |    10 |    13 ||    23
       Dagger            |       |   110 ||   110
 Stab: Sleeping          |     2 |     1 ||     3
  Eat: Chunk             |     2 |     4 ||     6
Armor: Ring mail         |     9 |    33 ||    42
       Robe              |     1 |       ||     1
Dodge: Dodged            |    35 |    58 ||    93
Block: Buckler           |     2 |    20 ||    22
